 Dungeon Crawl Stone Soup version 0.26-a0-812-g31a745ddcd (webtiles) character file.

Game seed: 8552046699273359404

146 tilp the Ruffian (level 5, -7/49 HPs)
             Began as an Ogre Transmuter on Dec 8, 2020.
             Mangled by an ogre
             ... wielding a +0 giant club
              (19 damage)
             ... on level 3 of the Dungeon.
             The game lasted 00:03:57 (3036 turns).

tilp the Ruffian (Ogre Transmuter)                  Turns: 3036, Time: 00:03:58

Health: -7/49      AC:  3    Str: 14    XL:     5   Next: 28%
Magic:  7/8        EV: 10    Int: 15    God:
Gold:   109        SH:  0    Dex:  9    Spells: 5/8 levels left

rFire    . . .     SeeInvis .     - Unarmed
rCold    . . .     Faith    .   (no shield)
rNeg     . . .     Spirit   .   a - +0 robe
rPois    .         Reflect  .   (helmet currently unavailable)
rElec    .         Harm     .   (no cloak)
rCorr    .         Rampage  .   (gloves unavailable)
MR       .....                  (boots unavailable)
Stlth    +.........             (no amulet)
HPRegen  0.16/turn              (no ring)
MPRegen  0.11/turn              (no ring)

@: appendages
A: large, unfitting armour, horns 2, talons 2, tough skin 1
a: End Transformation


You were on level 3 of the Dungeon.
You had grown temporary horns.
You had grown temporary talons.
You visited 1 branch of the dungeon, and saw 3 of its levels.

You collected 109 gold pieces.

Inventory:

Missiles
 b - 12 poisoned darts (quivered)
 c - 98 stones
 p - 5 atropa-tipped darts
Armour
 a - a +0 robe (worn)
Jewellery
 d - an uncursed amulet of regeneration {unknown}
Scrolls
 e - a scroll of remove curse
 f - a scroll of fear {unknown}
 g - a scroll of enchant weapon {unknown}
 h - a scroll of fog
 l - a scroll of immolation
 n - a scroll of enchant armour {unknown}
 o - a scroll of random uselessness {unknown}
 q - a scroll of teleportation {unknown}
 r - a scroll of identify {unknown}
Potions
 i - 3 potions of degeneration {unknown}
 j - a potion of resistance {unknown}
 k - a potion of curing {unknown}
 m - 2 potions of lignification {unknown}


   Skills:
 - Level 2.0 Fighting
 - Level 1.7 Dodging
 + Level 4.5 Unarmed Combat
 - Level 2.4 Spellcasting
 + Level 2.9 Transmutations


You had 5 spell levels left.
You knew the following spells:

 Your Spells              Type           Power        Failure   Level
a - Beastly Appendage     Tmut           ##....       6%          1
b - Wereblood             Tmut           ##......     10%         2

Your spell library contained the following spells:

 Spells                   Type           Power        Failure   Level
 Spider Form              Tmut/Pois      #.........   34%         3
 Ice Form                 Ice/Tmut       #.......     75%         4
 Blade Hands              Tmut           ##........   86%         5


Dungeon Overview and Level Annotations

Branches:
Dungeon (3/15)

Altars:
Trog


Innate Abilities, Weirdness & Mutations

You are too large for most types of armour.
You have tough skin. (AC +1)
You have a pair of horns on your head.
You have razor-sharp toenails.


Message History

The poisoned dart hits the kobold.
The kobold is severely wounded.
You kill the kobold!
Casting: Beastly Appendage (safe; 6% risk of failure)
Confirm with . or Enter, or press ? or * to list all spells.
You grow a pair of large bovine horns.
Your feet morph into talons.
The ogre hits you with a +0 giant club!
Unknown command.
You hit the ogre. You claw the ogre.
The ogre is moderately wounded.
The ogre hits you with a +0 giant club!!
* * * LOW HITPOINT WARNING * * *
You hit the ogre. Your kick misses the ogre. You headbutt the ogre.
The ogre is heavily wounded.
You hit the ogre.
You headbutt the ogre, but do no damage.
The ogre is heavily wounded.
The ogre looks more healthy.
The ogre hits you with a +0 giant club!!
You die...

........# #.##.#
........## #.##.#
.........# #.##.#
......)..###.##.#
..........##.##.#
........#)##.##.#
##
#########..#.##.#
..
#..........##.#####
#..........@O.(((.(
#####...#####.#####
..............#
######..####..#
######.####..#
.......>......#
########.####.#
#.#..# #.#..#


You could see an ogre.

Vanquished Creatures
  5 adders
  3 gnolls (D:2)
  2 oozes (D:2)
  A worm (D:3)
  A leopard gecko (D:2)
  An orc (D:3)
  5 giant cockroaches
  6 goblins
  9 hobgoblins
  7 jackals (D:2)
  2 kobolds
  A quokka (D:3)
  A ball python (D:3)
  5 bats
  A frilled lizard (D:2)
  6 rats
56 creatures vanquished.

Notes
Turn   | Place    | Note
-------+----------+-------------------------------------------
     0 | D:1      | tilp the Ogre Transmuter began the quest for the Orb.
     0 | D:1      | Reached XP level 1. HP: 19/19 MP: 3/3
   513 | D:1      | Reached XP level 2. HP: 28/28 MP: 3/5
   581 | D:1      | Reached skill level 3 in Unarmed Combat
   698 | D:1      | Learned a level 2 spell: Wereblood
  1123 | D:2      | Found a bloodstained altar of Trog.
  1253 | D:2      | Reached XP level 3. HP: 35/35 MP: 4/6
  1451 | D:2      | You fall into a shaft and drop 1 floor!
  1482 | D:2      | Reached skill level 4 in Unarmed Combat
  1648 | D:2      | Reached XP level 4. HP: 32/42 MP: 5/7
  2300 | D:2      | Reached XP level 5. HP: 40/49 MP: 5/8
  3027 | D:3      | Noticed an ogre
  3036 | D:3      | Mangled by an ogre

Illustrated notes

Levels and vault maps discovered:
D:1:      lemuel_arrival_hallway, layout_loops_corners
D:2:      layout_basic, minmay_splitting_lines, hangedman_decor_opposing,
          bloody_trog
D:3:      layout_basic, minmay_quantized

Skill      XL: |  1  2  3 |
---------------+----------+-----
Transmutations | 2 |  2.9
Fighting       | 2 |  2.0
Unarmed Combat | 3 4 |  4.5
Dodging        | |  1.7
Spellcasting   | |  2.4

Action                   |  1- 3 |  4- 6 || total
-------------------------+-------+-------++-------
Melee: Unarmed           |    64 |    96 ||   160
       Kick              |     6 |    19 ||    25
       Headbutt          |     6 |     9 ||    15
       Punch             |     1 |     1 ||     2
Throw: Dart              |    10 |    14 ||    24
 Cast: Beastly Appendage |    20 |    14 ||    34
       Wereblood         |       |     2 ||     2
  Use: Scroll            |       |     3 ||     3
 Stab: Sleeping          |     1 |       ||     1
Armor: Robe              |    22 |    30 ||    52
Dodge: Dodged            |    31 |    40 ||    71

Table legend: (Time is in decaauts)
 A = Elapsed time spent in this place.
 B = Non-inter-level travel time spent in this place.
 C = Inter-level travel time spent in this place.
 D = Time resting spent in this place.
 E = Time spent auto-exploring this place.
 F = Levels seen in this place.
 G = Mean time per level.
                   A        B        C        D        E       F      G
               +--------+--------+--------+--------+--------+-----+--------+
         Total |   3025 |   2952 |     73 |    756 |   1749 |   3 | 1008.3 |
       Dungeon |   3025 |   2952 |     73 |    756 |   1749 |   3 | 1008.3 |
               +--------+--------+--------+--------+--------+-----+--------+

Top non-repeatable levels by time:
     D:2: 1505 daAuts
     D:1: 1113 daAuts
     D:3: 406 daAuts
